 Dungeon Crawl Stone Soup version 0.26.0-10-g1f06aea511 (webtiles) character file.

Game seed: 18034922823089721076

2376 Borgoz the Slasher (level 9, 0/75 HPs)
             Began as a Ghoul Gladiator on Jan 15, 2021.
             Was a Follower of Ashenzari.
             Slain by a freezing wraith (11 damage)
             ... on level 8 of the Dungeon.
             The game lasted 00:11:39 (7839 turns).

Borgoz the Slasher (Ghoul Gladiator)                Turns: 7839, Time: 00:11:39

Health: 0/75       AC: 12    Str: 18    XL:     9   Next: 45%
Magic:  8/8        EV: 15    Int:  3    God:    Ashenzari [*.....]
Gold:   364        SH:  5    Dex: 16    Spells: 8/8 levels left

rFire    . . .     SeeInvis +   a - +0 long sword
rCold    + . .     Faith    .   (no shield)
rNeg     + + +     Spirit   .   e - +1 leather armour of Menun {rN+ Dex+3} (curse)
rPois    ∞         Reflect  +   p - +2 helmet
rElec    .         Harm     .   b - +0 cloak
rCorr    .         Rampage  .   (no gloves)
Will     .....                  x - +2 pair of boots
Stlth    ++........             i - amulet of reflection
HPRegen  0.00/turn              d - ring of see invisible
MPRegen  0.11/turn              w - ring of stealth

@: no status effects
A: claws 1, cold resistance 1, negative energy resistance 3, inhibited
regeneration, torment resistance, unbreathing
a: Renounce Religion, Curse Item, Scrying


You were on level 8 of the Dungeon.
You worshipped Ashenzari.
Ashenzari was aware of your devotion.
You visited 2 branches of the dungeon, and saw 9 of its levels.

You collected 364 gold pieces.

Inventory:

Hand Weapons
 a - a +0 long sword (weapon)
Armour
 b - a +0 cloak (worn)
 e - the cursed +1 leather armour of Menun (worn) {rN+ Dex+3}
   (You found it on level 7 of the Dungeon)

   It affects your dexterity (+3).
   It protects you from negative energy.
   It has a curse placed upon it.
 p - a +2 helmet (worn)
 x - a +2 pair of boots (worn)
Jewellery
 d - a ring of see invisible (left claw)
 i - an amulet of reflection (around neck)
 w - a ring of stealth (right claw)
Wands
 c - a wand of paralysis (3)
Scrolls
 h - 2 scrolls of fog
 l - 3 scrolls of remove curse
 s - 5 scrolls of teleportation
 v - a scroll of acquirement {unknown}
 y - a scroll of enchant armour {unknown}
 z - a scroll of noise {unknown}
 A - 2 scrolls of blinking
 B - a scroll of magic mapping {unknown}
Potions
 f - 3 potions of flight
 g - 3 potions of might {unknown}
 k - 5 potions of curing
 m - 4 potions of brilliance
 o - a potion of magic {unknown}
 q - 2 potions of haste
 r - a potion of ambrosia
 u - 2 potions of lignification {unknown}


   Skills:
 + Level 5.9 Fighting
 * Level 7.1 Long Blades
 - Level 1.7 Throwing
 * Level 6.4 Armour
 + Level 5.2 Dodging


You had 8 spell levels left.
You didn't know any spells.
Your spell library contained the following spells:

 Spells                   Type           Power        Failure   Level
 Corona                   Hex            0%           56%         1
 Ensorcelled Hibernation  Hex/Ice        0%           71%         2
 Confusing Touch          Hex            0%           91%         3
 Dazzling Flash           Conj/Hex       0%           91%         3
 Tukima's Dance           Hex            0%           91%         3


Dungeon Overview and Level Annotations

Branches:
Dungeon (8/15)             Temple (1/1) D:5
   Lair: D:8-11

Altars:
Ashenzari
Cheibriados
Dithmenos
Elyvilon
Fedhas
Gozag
Hepliaklqana
Kikubaaqudgha
Makhleb
Okawaru
Qazlal
Ru
Sif Muna
Trog
Uskayaw
Vehumet
Wu Jian
Xom
Yredelemnul
Zin
The Shining One
Lugonu

Portals:
Abyss: D:5


Innate Abilities, Weirdness & Mutations

You thrive by killing the living.
You are immune to poison.
You have sharp fingernails.
Your flesh is cold resistant. (rC+)
You are immune to negative energy. (rN+++)
You do not regenerate when monsters are visible.
You are immune to unholy pain and torment.
You can survive without breathing.


Message History

Press: ? - help, Shift-Dir - straight line, f/p - freezing wraith
Aim: a freezing wraith (lightly damaged, chance to affect: 28%)
The freezing wraith easily resists.
The freezing wraith hits you! The freezing wraith freezes you! You resist.
You block the freezing wraith's attack.
Evoke which item? (* to show all) (? for menu, Esc to quit)
Aiming: Paralyse
Press: ? - help, Shift-Dir - straight line, f/p - freezing wraith
Aim: a freezing wraith (lightly damaged, chance to affect: 28%)
The freezing wraith easily resists.
The freezing wraith hits you. The freezing wraith freezes you! You resist.
The freezing wraith barely misses you.
Evoke which item? (* to show all) (? for menu, Esc to quit)
Aiming: Paralyse
Press: ? - help, Shift-Dir - straight line, f/p - freezing wraith
Aim: a freezing wraith (lightly damaged, chance to affect: 28%)
The freezing wraith easily resists.
The freezing wraith hits you!
* * * LOW HITPOINT WARNING * * *
The freezing wraith freezes you! You resist.
You die...

#.#.###############......
#..<...##................
#......##................
#......##...........###..
#....(.##...........# ###
#...................#
##.....##...........# #
##.....##....######.# #
........W@....# #.# #
..............# #.# #
..........############# #
#.........#...#...#[..# #
.........'...†...'†..# #
........#...#...#...#####
........##########'##....
........# #$B[#...#####
........# #...#.).#


You could see a freezing wraith.

Vanquished Creatures
  A troll (D:6)
  2 yaks (D:8)
  A phantom (D:8)
  An ice beast (D:8)
  An ogre (D:6)
  A centaur (D:8)
  The ghost of Raspi the Sneak, an amateur KoBr (D:3)
  5 bullfrogs
  A scorpion (D:6)
  An electric eel (D:7)
  4 howler monkeys
  A centaur zombie (D:6)
  2 hounds
  2 orc priests
  Crazy Yiuf (D:3)
  A bullfrog skeleton (D:7)
  A centaur skeleton (D:6)
  2 iguanas
  3 orc wizards
  7 worker ants
  A killer bee zombie (D:5)
  A hound zombie (D:5)
  Robin (D:4)
  12 adders
  3 gnolls
  A white imp (D:5)
  An ufetubus (D:5)
  3 adder zombies
  A worm (D:2)
  3 dart slugs
  2 leopard geckos
  16 orcs
  3 giant cockroaches
  14 goblins
  10 hobgoblins
  18 jackals
  3 quokkas
  A ball python (D:3)
  13 bats
  9 frilled lizards
  8 kobolds
  A quokka skeleton (D:7)
  9 rats
173 creatures vanquished.

Vanquished Creatures (others)
  A lurking horror (D:5)
1 creature vanquished.

Grand Total: 174 creatures vanquished

Notes
Turn   | Place    | Note
-------+----------+-------------------------------------------
     0 | D:1      | Borgoz the Ghoul Gladiator began the quest for the Orb.
     0 | D:1      | Reached XP level 1. HP: 17/17 MP: 0/0
   291 | D:1      | Reached XP level 2. HP: 19/24 MP: 1/1
   314 | D:1      | Reached skill level 3 in Long Blades
   457 | D:1      | Reached skill level 1 in Armour
   585 | D:1      | Reached XP level 3. HP: 30/30 MP: 2/2
  1136 | D:2      | Reached XP level 4. HP: 28/37 MP: 3/3
  1882 | D:3      | Reached XP level 5. HP: 34/45 MP: 4/4
  1956 | D:3      | Found a runed translucent door.
  1956 | D:3      | Noticed Raspi's ghost (amateur KoBr)
  2116 | D:3      | Found a runed translucent door.
  2117 | D:3      | Noticed Crazy Yiuf
  2457 | D:3      | Killed Raspi's ghost
  2458 | D:3      | Reached skill level 4 in Long Blades
  2458 | D:3      | Reached XP level 6. HP: 41/51 MP: 5/5
  2552 | D:3      | HP: 2/51 [Crazy Yiuf/+3 quarterstaff of chaos (1)]
  2558 | D:3      | Killed Crazy Yiuf
  2919 | D:4      | Noticed Robin
  2956 | D:4      | Killed Robin
  3233 | D:4      | Lost intelligence.
  3306 | D:5      | Entered Level 5 of the Dungeon
  3306 | D:5      | Found a staircase to the Ecumenical Temple.
  3489 | D:5      | Found a one-way gate to the infinite horrors of the Abyss.
  3490 | D:5      | Found a corrupted altar of Lugonu.
  3598 | D:4      | Found an ornate altar of the Wu Jian Council.
  3845 | D:5      | Reached XP level 7. HP: 57/58 MP: 6/6
  4121 | D:6      | Reached skill level 5 in Long Blades
  4433 | D:6      | Reached XP level 8. HP: 67/67 MP: 7/7
  4734 | Temple   | Entered the Ecumenical Temple
  4868 | Temple   | Became a worshipper of Ashenzari the Shackled
  5126 | D:7      | Found a shimmering blue altar of Sif Muna.
  5244 | D:7      | Found a burning altar of Makhleb.
  5247 | D:7      | Found a stormy altar of Qazlal.
  5259 | D:7      | Found a hazy altar of Hepliaklqana.
  5262 | D:7      | Found an iron altar of Okawaru.
  5466 | D:7      | Reached skill level 5 in Armour
  5842 | D:7      | Noticed a troll
  6136 | D:6      | Killed a troll
  6137 | D:6      | Reached skill level 5 in Fighting
  6137 | D:6      | Reached skill level 6 in Long Blades
  6459 | D:7      | Got the cursed leather armour of Menun {rN+ Dex+3}
  6473 | D:7      | Identified the cursed +1 leather armour of Menun {rN+
                  | Dex+3} (You found it on level 7 of the Dungeon)
  6648 | D:8      | Reached XP level 9. HP: 73/74 MP: 8/8
  6751 | D:8      | Reached * piety under Ashenzari
  7121 | D:8      | Reached skill level 5 in Dodging
  7330 | D:8      | Identified the +6 plate armour of the Marlin {rN+++ Str-4
                  | Dex-3 Stlth+}
  7344 | D:8      | Found the +10 zealot's sword {holy, *Rage rN+ EV+3}
  7344 | D:8      | Noticed a freezing wraith
  7353 | D:8      | Reached skill level 7 in Long Blades
  7449 | D:8      | Noticed a komodo dragon
  7464 | D:8      | HP: 2/75 [worker ant (7)]
  7839 | D:8      | Slain by a freezing wraith

Illustrated notes

Levels and vault maps discovered:
D:1:      sevenhm_arrival_forest_fort_small_3, layout_basic,
          chequers_decorated_corner, minmay_pentomino_s2
D:2:      layout_loops_cross, minivault_27
D:3:      layout_loops_ring, gammafunk_ghost_grave, grunt_ministairs_11,
          uniq_crazy_yiuf_cottage
D:4:      lemuel_upstairs_altar, layout_rooms, uniq_robin
D:5:      layout_loops_cross, minmay_temple_entry_mist,
          amcnicky_altar_lugonu_corruption
D:6:      layout_cave_pools
D:7:      kennysheep_big_flooded_room, layout_gridville, led_sif_book,
          grunt_temple_overflow_cloverleaf, kennysheep_another_room
D:8:      layout_basic, minmay_evil_grid
Temple:   nicolae_temple_elliptical

Skill      XL: |  1  2  3  4  5  6  7  8  9 |
---------------+----------------------------+-----
Long Blades    | 3 4 5 6 7 |  7.1
Armour         | 1 2 3 4 5 6 |  6.4
Dodging        | 3 4 5 |  5.2
Fighting       | 3 4 5 |  5.9
Throwing       | |  1.7

Action                   |  1- 3 |  4- 6 |  7- 9 || total
-------------------------+-------+-------+-------++-------
Melee: Long sword        |   118 |   232 |   384 ||   734
Throw: Throwing net      |     2 |     3 |     2 ||     7
Evoke: Wand              |       |       |    10 ||    10
  Use: Potion            |       |     3 |     4 ||     7
       Scroll            |       |    10 |     5 ||    15
 Stab: Held in net/web   |       |     1 |     1 ||     2
       Sleeping          |       |       |     4 ||     4
       Paralysed         |       |       |     9 ||     9
Armor: Leather armour    |    25 |       |    40 ||    65
       Ring mail         |    27 |   115 |   116 ||   258
Dodge: Dodged            |   100 |   137 |   265 ||   502
Block: Other             |       |    14 |   103 ||   117
       Rpst.: Long sword |    28 |    58 |    95 ||   181
